 Dungeon Sprint DCSS version 0.18.1-8-gdd0e5ea (webtiles) character file.

2393 Groucho the Covert (level 9, 0/63 HPs)
             Began as an Octopode Enchanter on May 22, 2016.
             Was a High Priest of Dithmenos.
             Slain by a harpy (13 damage)
             ... in the Dungeon (Sprint VII: "The Pits").
             The game lasted 00:05:20 (1484 turns).

Groucho the Covert (Octopode Enchanter)             Turns: 1484, Time: 00:05:21

Health: 0/63       AC:  1    Str:  7    XL:     9   Next: 46%
Magic:  15/21      EV: 16    Int: 23    God:    Dithmenos [*****.]
Gold:   0          SH:  0    Dex: 16    Spells: 5 memorised, 13 levels left

rFire  . . .     SeeInvis .     r - +2 dagger
rCold  . . .     Gourm    .     (no shield)
rNeg   . . .     Faith    .     (helmet restricted)
rPois  .         Spirit   .     (no amulet)
rElec  .         Dismiss  .     s - +3 ring of dexterity
rCorr  .         Reflect  .     t - +3 ring of intelligence
SustAt .         Harm     .     (no ring)
MR     .....     NoTele   +     (no ring)
Stlth  +++++++++.               (no ring)
                                (no ring)
                                (no ring)
                                (no ring)

@: wreathed by umbra, not resistant to hostile enchantments, incredibly stealthy
A: almost no armour, amphibious, 8 rings, constrict 8, camouflage 1, gelatinous
body 1
a: Shadow Step, Shadow Form, Renounce Religion


You were in the Dungeon.
You worshipped Dithmenos.
Dithmenos was extremely pleased with you.
You were not hungry.

You visited 1 branch

Inventory:

Hand Weapons
 r - a +2 dagger (weapon)
 x - a +2 rapier of holy wrath
Missiles
 p - 8 stones (quivered)
Jewellery
 s - a +3 ring of dexterity (left tentacle)
 t - a +3 ring of intelligence (right tentacle)
Scrolls
 i - a scroll of blinking
 m - 3 scrolls of remove curse
 n - 5 scrolls of amnesia
 o - a scroll of summoning
 q - 2 scrolls of vulnerability
Potions
 d - 8 potions of curing
 e - 4 potions of heal wounds
 f - 2 potions of haste
 g - 4 potions of magic
 h - 4 potions of berserk rage
 l - 2 potions of invisibility
 u - a potion of resistance
 v - 3 potions of brilliance
 w - a potion of cure mutation
Books
 b - a book of Maledictions

   Spells                             Type                      Level
   a - Corona                         Hexes                        1
   b - Ensorcelled Hibernation        Hexes/Ice                    2
   c - Confuse                        Hexes                        3
   d - Tukima's Dance                 Hexes                        3
   e - Dazzling Spray                 Conjuration/Hexes            3
Comestibles
 c - 7 bread rations
 j - 40 fruits
 k - 7 meat rations


   Skills:
 + Level 6.4 Fighting
 + Level 6.5 Short Blades
 + Level 6.7 Dodging
 + Level 9.9 Stealth
 * Level 8.8 Spellcasting
 * Level 7.7 Conjurations
 * Level 9.7 Hexes
 * Level 7.6 Ice Magic


You had 13 spell levels left.
You knew the following spells:

 Your Spells              Type           Power        Failure   Level  Hunger
a - Corona                Hex            ######.      1%          1    None
b - Ensorcelled Hibernat  Hex/Ice        ######       1%          2    None
c - Confuse               Hex            ######..     1%          3    None
d - Dazzling Spray        Conj/Hex       ######..     1%          3    None
e - Tukima's Dance        Hex            ######..     1%          3    None


Dungeon Overview and Level Annotations

Branches:
Dungeon (1/1)

Altars:
Ashenzari
Cheibriados
Dithmenos
Elyvilon
Fedhas
Gozag
Kikubaaqudgha
Makhleb
Nemelex Xobeh
Okawaru
Pakellas
Qazlal
Ru
Sif Muna
Trog
Vehumet
Xom
Yredelemnul
Zin
The Shining One
Beogh
Jiyva
Lugonu


Innate Abilities, Weirdness & Mutations

You cannot wear most types of armour.
You are amphibious.
You can wear up to eight rings at the same time.
You can use your tentacles to constrict eight enemies at once.
Your skin changes colour to match your surroundings (Stealth).
Your rubbery body absorbs attacks (AC +1).


Message History

The harpy is lightly wounded.
The harpy is dazzled.
The harpy claws you!
* * * LOW HITPOINT WARNING * * *
The harpy completely misses you.
You hit the harpy. Your grab misses the harpy.
The harpy is lightly wounded.
The harpy completely misses you. The harpy misses you.
The harpy closely misses you. The harpy barely misses you.
You closely miss the harpy. You grab the harpy.
The harpy is lightly wounded.
You constrict the harpy, but do no damage.
The harpy claws you.
* * * LOW HITPOINT WARNING * * *
The harpy closely misses you.
The harpy struggles to escape constriction.
You hit the harpy.
The harpy is lightly wounded.
You constrict the harpy, but do no damage.
The harpy completely misses you. The harpy claws you!
You die...

######## _______#
_______#
###'##############++#####
))'.'..##................
))#.#.|##......#..#......
###'#####.......H........
.....)..'.......H........
###'#####......#@.#......
....#[[##.......†........
....#))#####'#####''#####
#)###))##.......# ''#
....#))##.......# ....
....#..##.......# .....
##'##'###...<...# ....(#
.......##.......# ...###
.......##.......# ..##


You could see 2 harpies.

Vanquished Creatures
  3 harpies (D)
  A deep elf mage (D)
  A boulder beetle (D)
  A redback (D)
  A porcupine (D)
  An orc warrior (D)
  2 scorpions (D)
  An iron imp (D)
  An orc wizard (D)
  2 gnolls (D)
  A river rat (D)
  A white imp (D)
  A giant gecko (D)
  2 orcs (D)
  3 ball pythons (D)
  A hobgoblin (D)
  2 jackals (D)
  3 quokkas (D)
  A giant gecko skeleton (D)
  A jackal skeleton (D)
30 creatures vanquished.

Notes
Turn   | Place    | Note
--------------------------------------------------------------
     0 | D        | Groucho the Octopode Enchanter began the quest for the Orb.
     0 | D        | Reached XP level 1. HP: 11/11 MP: 3/3
    43 | D        | Found a sacrificial altar of Ru.
    43 | D        | Found a basalt altar of Yredelemnul.
    43 | D        | Found a shadowy altar of Dithmenos.
    43 | D        | Found a deep blue altar of Sif Muna.
    43 | D        | Found a burning altar of Makhleb.
    43 | D        | Found a shimmering altar of Xom.
    43 | D        | Found an ancient bone altar of Kikubaaqudgha.
    43 | D        | Found a sparkling altar of Nemelex Xobeh.
    44 | D        | Found a glowing golden altar of the Shining One.
    44 | D        | Found a bloodstained altar of Trog.
    44 | D        | Found a shattered altar of Ashenzari.
    44 | D        | Found a white marble altar of Elyvilon.
    44 | D        | Found a snail-covered altar of Cheibriados.
    44 | D        | Found a blossoming altar of Fedhas.
    44 | D        | Found a radiant altar of Vehumet.
    44 | D        | Found a glowing silver altar of Zin.
    44 | D        | Found a corrupted altar of Lugonu.
    44 | D        | Found a viscous altar of Jiyva.
    44 | D        | Found a roughly hewn altar of Beogh.
    44 | D        | Found an iron altar of Okawaru.
    45 | D        | Found an oddly glowing altar of Pakellas.
    47 | D        | Became a worshipper of Dithmenos the Shadowed
    55 | D        | Found a stormy altar of Qazlal.
    55 | D        | Found an opulent altar of Gozag.
    77 | D        | Reached skill level 1 in Fighting
   108 | D        | Reached * piety under Dithmenos
   108 | D        | Reached XP level 2. HP: 11/18 MP: 5/5
   342 | D        | Learned a level 2 spell: Ensorcelled Hibernation
   346 | D        | Noticed a scorpion
   350 | D        | Reached ** piety under Dithmenos
   350 | D        | Reached XP level 3. HP: 24/24 MP: 7/7
   356 | D        | Killed a scorpion
   356 | D        | Reached skill level 5 in Stealth
   356 | D        | Reached skill level 5 in Hexes
   356 | D        | Reached XP level 4. HP: 30/30 MP: 3/10
   575 | D        | Learned a level 3 spell: Confuse
   579 | D        | Learned a level 3 spell: Dazzling Spray
   591 | D        | Reached *** piety under Dithmenos
   645 | D        | Reached skill level 1 in Conjurations
   645 | D        | Reached skill level 1 in Ice Magic
   645 | D        | Reached XP level 5. HP: 12/36 MP: 6/12
   955 | D        | Noticed an orc warrior
   962 | D        | Killed an orc warrior
   962 | D        | Reached skill level 5 in Spellcasting
  1042 | D        | Reached **** piety under Dithmenos
  1055 | D        | Reached XP level 6. HP: 43/43 MP: 12/14
  1060 | D        | Learned a level 3 spell: Tukima's Dance
  1061 | D        | Noticed a redback
  1063 | D        | Killed a redback
  1065 | D        | Noticed a deep elf mage
  1065 | D        | Noticed a porcupine
  1067 | D        | Killed a porcupine
  1067 | D        | Reached skill level 5 in Dodging
  1067 | D        | Reached XP level 7. HP: 37/49 MP: 13/16
  1069 | D        | Reached ***** piety under Dithmenos
  1071 | D        | Killed a deep elf mage
  1071 | D        | Reached skill level 5 in Fighting
  1071 | D        | Reached skill level 5 in Short Blades
  1071 | D        | Reached skill level 5 in Conjurations
  1071 | D        | Reached skill level 5 in Ice Magic
  1071 | D        | Reached XP level 8. HP: 42/55 MP: 14/18
  1301 | D        | Noticed a boulder beetle
  1321 | D        | Killed a boulder beetle
  1419 | D        | Noticed a harpy
  1419 | D        | Noticed a harpy
  1419 | D        | Noticed a harpy
  1419 | D        | Noticed a harpy
  1419 | D        | Noticed a harpy
  1424 | D        | Killed a harpy
  1448 | D        | Killed a harpy
  1448 | D        | Reached XP level 9. HP: 39/62 MP: 18/21
  1477 | D        | Killed a harpy
  1484 | D        | Slain by a harpy

Skill      XL: |  1  2  3  4  5  6  7  8 |
---------------+-------------------------+-----
Fighting       | 1 2 3 4 5 6 |  6.4
Spellcasting   | 3 4 5 6 7 8 |  8.8
Short Blades   | 2 3 4 5 6 |  6.5
Hexes          | 4 5 6 7 8 9 |  9.7
Dodging        | 3 4 5 6 |  6.7
Stealth        | 5 6 7 8 9 |  9.9
Conjurations   | 1 2 4 5 7 |  7.7
Ice Magic      | 1 2 4 5 7 |  7.6

Action                   |  1- 3 |  4- 6 |  7- 9 || total
-------------------------+-------+-------+-------++-------
Melee: Dagger            |    22 |    21 |    15 ||    58
       Constrict         |     6 |     2 |     2 ||    10
       Tentacles         |     5 |     2 |       ||     7
Throw: Stone             |       |       |     3 ||     3
 Cast: Ensorcelled Hiber |     2 |     7 |     7 ||    16
       Dazzling Spray    |       |       |     1 ||     1
Invok: Shadow Step       |       |       |     1 ||     1
  Use: Potion            |     1 |       |     1 ||     2
 Stab: Sleeping          |     3 |    10 |     9 ||    22
  Eat: Bread ration      |       |     1 |       ||     1
Dodge: Dodged            |    13 |     7 |    18 ||    38
